[Event "*** Titled Tuesday Blitz"]
[Site "Chess.com"]
[Date "2020.11.10"]
[Round "4"]
[White "PlotnikovPavel"]
[Black "kidagent"]
[Result "1-0"]
[WhiteElo "2469"]
[BlackElo "2307"]
[TimeControl "180+1"]
[EndTime "10:43:05 PST"]
[Termination "PlotnikovPavel won on time"]

1. e4 c5 2. Nc3 Nc6 3. Bb5 Nd4 4. Nf3 a6 5. Bd3 g6 6. O-O Bg7 7. Nxd4 cxd4 8. Ne2 e5 9. c3 dxc3 10. dxc3 Ne7 11. f4 O-O 12. f5 d5 13. f6 Qb6+ 14. Kh1 Bxf6 15. exd5 Nxd5 16. Bxg6 hxg6 17. Qxd5 Bg7 18. Bg5 Be6 19. Qd2 f6 20. Be3 Qc6 21.
Ng3 Rad8 22. Qc1 Rd3 23. Bh6 Kh7 24. Bxg7 Kxg7 25. Qc2 Rfd8 26. Rad1 Bc4 27. b3 Rxd1 28. Rxd1 Rxd1+ 29. Qxd1 Bd5 30. Qd2 b5 31. h4 f5 32.
Qg5 Bxg2+ 33. Kh2 Be4 34. Qe7+ Kg8 35. Qxe5 Qd5 36. Qe8+ Kg7 37. Qe7+ Kh6 38. Qg5+ Kg7 39. Nh5+ Kf7 40. Qf6+ Ke8 41. Qxg6+ Kd8 42. Qg5+ Kc7 43. Qf4+ Kb6 44. Qe3+ Kb7 45. Nf4 Qd1 46. Ng2 Qc2 47.
Qg5 Qxc3 48. h5 Qf3 49. h6 Qc3 50. Qg7+ Qxg7 51. hxg7 Bd5 52. Ne3 Bg8 53. Nxf5 Kc7 54. Kg3 Kd7 55. Nh6 Be6 56. Kf4 Ke7 57. Ke5 1-0

[Event "*** Titled Tuesday Blitz"]
[Site "Chess.com"]
[Date "2020.11.10"]
[Round "4"]
[White "malakismayil"]
[Black "PattyCastillo"]
[Result "1-0"]
[WhiteElo "2240"]
[BlackElo "1965"]
[TimeControl "180+1"]
[EndTime "10:43:05 PST"]
[Termination "malakismayil won on time"]

1. e4 c5 2. Nf3 d6 3. d4 cxd4 4. Nxd4 Nf6 5. Nc3 a6 6. Bc4 e6 7. Be3 Nbd7 8. O-O Nc5 9. Bd3 Be7 10. Nb3 Nxd3 11. Qxd3 O-O 12. h3 b5 13. a3 Bb7 14.
Rad1 Qc7 15. f3 Rac8 16. Bf4 Rfd8 17. Qe3 Nh5 18. Bh2 Nf6 19. Kh1 Nd7 20. Rd3 Nc5 21. Nxc5 Qxc5 22. Qd2 d5 23. exd5 exd5 24. Bg1 Qc7 25.
Bd4 b4 26. axb4 Bxb4 27. Qg5 Bf8 28. f4 h6 29. Qg4 Qd7 30. f5 Kh7 31. Qh5 Qd6 32.
f6 g6 33. Qf3 Qe6 34. Re3 Qc6 35. Rfe1 Re8 36. Qe2 Rxe3 37. Qxe3 Qd7 38. Qf3 Qf5 39.
Qxf5 gxf5 40. Kg1 Kg6 41. Kf2 Bc5 42. Ke3 Bxd4+ 43. Kxd4 Kxf6 44. Rf1 Rd8 45. g4 Kg5 46. Rxf5+ Kg6 47. h4 Rd6 48. h5+ Kg7 49. Nxd5 Bxd5 50. Rxd5 Rf6 51. c4 Rf4+ 52. Kc5 Rxg4 53. b4 Rg1 54. b5 1-0

[Event "*** Titled Tuesday Blitz"]
[Site "Chess.com"]
[Date "2020.11.10"]
[Round "4"]
[White "Mazetovic"]
[Black "elohunter1999"]
[Result "1-0"]
[WhiteElo "2757"]
[BlackElo "2551"]
[TimeControl "180+1"]
[EndTime "10:43:06 PST"]
[Termination "Mazetovic won by resignation"]

1. e4 Nf6 2. e5 Nd5 3. d4 d6 4. c4 Nb6 5. exd6 cxd6 6. Nc3 g6 7. h3 Bg7 8. Nf3 O-O 9. Be2 Nc6 10. O-O Bf5 11.
Bg5 h6 12. Be3 d5 13. c5 Nc4 14. Bc1 e5 15. dxe5 N4xe5 16. Nxe5 Nxe5 17. Qxd5 Qh4 18. Qxb7 Rab8 19. Qxa7 Bxh3 20. gxh3 Qxh3 21. Qa4 Rfd8 22. Qe4 Rd4 23. Qg2 Qh4 24. f4 Nc4 25. Bxc4 Rxc4 26. Be3 Re8 27. Rae1 Rxe3 28. Rxe3 Bd4 29. Qf3 Rxc5 30. Rf2 Bxe3 31. Qxe3 Rh5 32. Qf3 Qe7 33. Re2 Qc5+ 34. Kg2 Rf5 35. Ne4 Qc1 36. Ng3 Rxf4 37. Qe3 Qc7 38. Qe8+ Kh7 39. Qe5 Qc6+ 40. Re4 Rxe4 41.
Qxe4 Qb6 42. b3 h5 43. Qf3 Qa5 44. a4 Qd2+ 45. Kf1 Qc1+ 46. Kg2 h4 47. Qxf7+ Kh6 48.
Qf8+ Kh7 49. Ne2 Qg5+ 50. Kf1 Qe5 51. Qf3 g5 52. Kg2 Qe6 53. Nd4 Qd7 54. Qf5+ Qxf5 55. Nxf5 1-0

[Event "*** Titled Tuesday Blitz"]
[Site "Chess.com"]
[Date "2020.11.10"]
[Round "4"]
[White "emperor87"]
[Black "PriSachu"]
[Result "1-0"]
[WhiteElo "2717"]
[BlackElo "2516"]
[TimeControl "180+1"]
[EndTime "10:43:06 PST"]
[Termination "emperor87 won by resignation"]

1. d4 Nf6 2. c4 g6 3. Nc3 Bg7 4. e4 O-O 5. Be2 c6 6. Be3 d5 7. e5 Ne4 8. f4 Nxc3 9. bxc3 dxc4 10. h4 Qa5 11. Rc1 Qxa2 12. h5 Bf5 13. Nf3 Nd7 14. Nd2 Nb6 15. Kf2 Rad8 16. g4 Bd3 17. Ra1 Qb2 18. Rc1 Nd5 19. Bxd3 cxd3 20. Qf3 Nxc3 21. Rxc3 Qxc3 22. Qh3 g5 23. h6 Bh8 24. Qh5 f6 25. Nf3 c5 26. d5 Rxd5 27. Nxg5 fxg5 28.
Qxg5+ Kf7 29. Qf5+ Ke8 30. Qc8+ Rd8 31. Qxb7 Bxe5 32. Qc6+ Kf7 33. f5 d2 34. Qe6+ Ke8 35. Qc6+ Rd7 36. Rb1 d1=Q 37. Rxd1 Qc2+ 38. Rd2 Bd4 39.
Rxc2 Bxe3+ 40. Kxe3 Rf6 41. Qb5 Kf7 42. Qxd7 Rd6 43. Qxd6 exd6 44. g5 d5 45. Kf4 d4 46.
Rb2 d3 47. Rb7+ Ke8 48. Rb1 c4 49. Ke3 Kd7 50. Kd4 Kd6 51. g6 d2 52. gxh7 c3 53. Kxc3 d1=Q 54. Rxd1+ 1-0

[Event "*** Titled Tuesday Blitz"]
[Site "Chess.com"]
[Date "2020.11.10"]
[Round "4"]
[White "elcandado"]
[Black "xLuring1"]
[Result "1/2-1/2"]
[WhiteElo "2600"]
[BlackElo "2348"]
[TimeControl "180+1"]
[EndTime "10:43:08 PST"]
[Termination "Game drawn by repetition"]

1. d4 f5 2. Bf4 Nf6 3. e3 d6 4.
Nc3 e6 5. Nf3 Be7 6. h3 O-O 7.
Bd3 Nc6 8. a3 Qe8 9. Bh2 Bd8 10.
Qe2 e5 11. dxe5 dxe5 12. Bb5 e4 13. Ne5 a6 14. Nxc6 bxc6 15. Bc4+ Be6 16. O-O Kh8 17.
Bxa6 Qf7 18. b3 Nd7 19. Bb7 Ra5 20. Bxc6 Rc5 21. Bxd7 Qxd7 22. Na4 Rd5 23. Rad1 Bf6 24. Nc5 Qe7 25. Nxe6 Qxe6 26. Qc4 c6 27. a4 g5 28. a5 Bg7 29. a6 f4 30. a7 Qd7 31. Rxd5 cxd5 32. Qa6 Ra8 33. exf4 Rxa7 34. Qb6 gxf4 35. Bxf4 Ra8 36. Rd1 d4 37. Be3 d3 38. cxd3 exd3 39. b4 h6 40. Bxh6 Kh7 41. Bxg7 Kxg7 42. Qe3 Rd8 43. Rd2 Qb5 44. Qe4 Rd7 45. h4 Kh6 46. g4 Rd5 47. g5+ Rxg5+ 48. hxg5+ Qxg5+ 49. Kh2 Qxd2 50. Qe6+ Kg5 51. Qe5+ Kg6 52. Qe6+ Kg5 53. Qe5+ Kg6 54. Qe6+ Kg5 1/2-1/2

[Event "*** Titled Tuesday Blitz"]
[Site "Chess.com"]
[Date "2020.11.10"]
[Round "4"]
[White "indfraeng"]
[Black "German_Bazeev"]
[Result "0-1"]
[WhiteElo "2388"]
[BlackElo "2737"]
[TimeControl "180+1"]
[EndTime "10:43:09 PST"]
[Termination "German_Bazeev won by resignation"]

1. d4 Nf6 2. c4 e6 3. g3 d5 4. Bg2 dxc4 5. Qa4+ Bd7 6. Qxc4 Bc6 7. Nf3 Bd5 8. Qa4+ Nc6 9. Nc3 Bb4 10. O-O Bxc3 11.
bxc3 O-O 12. Rd1 Ne4 13. Bb2 Nd6 14. Ba3 Re8 15. Bxd6 cxd6 16. Qc2 Rc8 17. e4 Bc4 18. Nd2 Ba6 19. Qa4 Qa5 20. Qb3 Qc7 21.
Nc4 Na5 22. Nxa5 Qxa5 23. Rdc1 Rc7 24. c4 Rec8 25. Bf1 e5 26. dxe5 dxe5 27. Rc2 b6 28. Rd1 Bb7 29. f3 g6 30. Rcd2 Kg7 31. Qb5 Qxb5 32.
cxb5 Kf6 33. Bh3 Re8 34. Rd6+ Kg7 35. Rd7 Re7 36. Rxe7 Rxe7 37. Rd7 Rxd7 38. Bxd7 Kf8 39. Bc6 Bxc6 40. bxc6 Ke7 41. Kf2 Kd6 42. Ke3 Kxc6 43. Kd3 Kc5 44. Kc3 b5 45. a3 a5 46. Kb3 f6 47. h4 h5 48. g4 b4 49. axb4+ axb4 50. gxh5 gxh5 51. Kc2 Kc4 52. Kd2 b3 53. Kc1 Kd3 54. Kb1 Ke3 55. Kb2 Kxf3 56. Kxb3 Kxe4 57.
Kc2 Kf3 58. Kd2 Kg4 59. Ke1 Kxh4 60. Kf1 Kg4 61. Kf2 f5 62. Kg2 e4 63. Kh1 h4 64.
Kg1 e3 65. Kf1 h3 66. Ke2 h2 67. Kxe3 h1=Q 68. Kd4 Qe4+ 0-1

[Event "*** Titled Tuesday Blitz"]
[Site "Chess.com"]
[Date "2020.11.10"]
[Round "4"]
[White "Lady_Nika"]
[Black "Margarita2907"]
[Result "1-0"]
[WhiteElo "2386"]
[BlackElo "2226"]
[TimeControl "180+1"]
[EndTime "10:43:09 PST"]
[Termination "Lady_Nika won on time"]

1. d4 d5 2. e3 Nf6 3. f4 e6 4. Nf3 Bd6 5. c3 b6 6. Bd3 Bb7 7. Nbd2 Nbd7 8. O-O O-O 9. Ne5 Ne4 10. Rf3 f6 11.
Nxd7 Qxd7 12. Rh3 f5 13. Nxe4 dxe4 14. Bc4 Bd5 15. Bb3 Bxb3 16. axb3 a5 17. Bd2 c5 18. Qh5 g6 19. Qe2 Qe7 20. Kh1 Rfd8 21. Rg1 cxd4 22. exd4 Qc7 23. Qf2 a4 24. bxa4 Rxa4 25.
Be3 b5 26. g4 Rd7 27. gxf5 exf5 28. Qh4 Rg7 29. Rhg3 Be7 30. Qh3 Bf6 31. Qf1 Qb7 32. Qd1 Ra8 33. Qb3+ Kh8 34. R3g2 Rb8 35. Rd1 Rd7 36.
Qe6 Bg7 37. h4 Re7 38. Qb3 Qc6 39. d5 Qf6 40. Rh2 Rd7 41. h5 h6 42. hxg6 Qxg6 43. Rg1 Qf7 44. Bd4 Bxd4 45. cxd4 Kh7 46. Qh3 Rb6 47. Rg5 Rxd5 48. Rhg2 Qf6 49. Rg7+ Qxg7 50. Rxg7+ Kxg7 51. Qg2+ Kf7 52. Qh3 Rbd6 53. Qh5+ Ke7 54. Qh4+ 1-0

[Event "*** Titled Tuesday Blitz"]
[Site "Chess.com"]
[Date "2020.11.10"]
[Round "4"]
[White "GrigorGrigorov"]
[Black "Oleksandr_Bortnyk"]
[Result "1-0"]
[WhiteElo "2759"]
[BlackElo "2905"]
[TimeControl "180+1"]
[EndTime "10:43:10 PST"]
[Termination "GrigorGrigorov won on time"]

1. d4 d6 2. Nf3 Nf6 3. c4 g6 4. g3 Bg7 5. Bg2 O-O 6. O-O Bf5 7. Nc3 Ne4 8. Nxe4 Bxe4 9. Be3 c6 10.
Qd2 Re8 11. Rfd1 Nd7 12. Rac1 a5 13. Bh6 Bxh6 14. Qxh6 Bxf3 15. Bxf3 a4 16. h4 Qa5 17.
h5 Nf6 18. hxg6 fxg6 19. d5 Qb6 20. Kg2 Qxb2 21. dxc6 bxc6 22. Bxc6 Qxe2 23. Rd2 Qe5 24. Bxa8 Rxa8 25. Rcc2 Ra7 26. Re2 Qf5 27. Qe3 Rc7 28.
Qf3 Qxf3+ 29. Kxf3 Kf7 30. Re3 Nd7 31. Ra3 Nb6 32. Ke2 h5 33. Kd3 Nd7 34. Kd4 Nc5 35. Rb2 Ke6 36. Re3+ Kd7 37. Rb8 e5+ 38. Kc3 Ke7 39.
Rb6 Nd7 40. Rb5 Nc5 41. f4 e4 42. Kd4 Ke6 43. Rb8 Kf5 44. Kd5 Nd7 45. Kxd6 Ra7 46.
Rb5+ Kg4 47. Rg5+ Kh3 48. Rxe4 Nf6 49. Re6 Ng4 50. c5 Kxg3 51. Rexg6 Kxf4 52. Rxh5 Ne3 53. c6 Nc4+ 54. Kc5 Nb2 55. Kb5 Nd3 56. Kb6 1-0

[Event "*** Titled Tuesday Blitz"]
[Site "Chess.com"]
[Date "2020.11.10"]
[Round "4"]
[White "hypert"]
[Black "RobertoJBM"]
[Result "1-0"]
[WhiteElo "2480"]
[BlackElo "2778"]
[TimeControl "180+1"]
[EndTime "10:43:10 PST"]
[Termination "hypert won on time"]

1. e4 c6 2. Nc3 d5 3. Qf3 dxe4 4.
Nxe4 Nf6 5. Bc4 Nbd7 6. Ng5 Ne5 7. Qe2 Nxc4 8. Qxc4 Qd5 9. Qxd5 Nxd5 10. Ne2 f6 11. Nf3 e5 12. d3 Nb4 13. Kd1 Bg4 14. Ne1 O-O-O 15. f3 Bh5 16. a3 Nd5 17. Bd2 Bc5 18.
g4 Bg6 19. Ng2 Rhe8 20. b4 Bb6 21. Ng3 Rd7 22. h4 h6 23. h5 Bh7 24. Ne4 Red8 25. Ke2 a6 26. Rhd1 Nc7 27. Be3 Bxe3 28. Nxe3 Ne6 29.
Nc5 Nf4+ 30. Kf2 Re7 31. a4 Kc7 32. a5 Nd5 33. Rdb1 Rf7 34. Rb3 Re7 35. Rab1 Nxe3 36. Kxe3 Rd4 37. c3 Rd5 38. c4 Rd8 39. b5 axb5 40.
cxb5 Kd6 41. bxc6 bxc6 42. Nb7+ Rxb7 43. Rxb7 Ke6 44. a6 Rxd3+ 45. Ke2 Ra3 46. R1b6 Bd3+ 47. Kf2 Kd6 48. a7 e4 49. fxe4 Bxe4 50. Rxg7 Ke5 51.
Rb8 c5 52. Re7+ Kf4 53. Rxe4+ Kxe4 54. a8=Q+ Rxa8 55. Rxa8 c4 56. Rc8 Kd3 57. Kf3 c3 58.
Kf4 1-0

[Event "*** Titled Tuesday Blitz"]
[Site "Chess.com"]
[Date "2020.11.10"]
[Round "4"]
[White "FrenchMonster2002"]
[Black "Matols"]
[Result "1-0"]
[WhiteElo "2449"]
[BlackElo "2261"]
[TimeControl "180+1"]
[EndTime "10:43:10 PST"]
[Termination "FrenchMonster2002 won on time"]

1. e4 e6 2. d4 d5 3. Nc3 Nf6 4. e5 Nfd7 5. f4 c5 6. Nf3 Nc6 7.
Be3 cxd4 8. Nxd4 Bc5 9. Qd2 O-O 10. O-O-O a6 11. Qf2 Nxd4 12. Bxd4 Qc7 13. h4 b5 14. Bd3 b4 15. Ne2 a5 16. h5 a4 17. Kb1 a3 18. b3 Ba6 19. Rh3 Rfc8 20.
h6 g6 21. Rc1 Bxd4 22. Qxd4 Qc5 23. c3 Bxd3+ 24. Rxd3 Qxd4 25. cxd4 Kf8 26. Rd2 Ke7 27.
Rdc2 Nb6 28. Rc5 f6 29. Rb5 Nd7 30. Rxb4 fxe5 31. fxe5 Rxc1+ 32. Kxc1 Rf8 33. Ra4 Rf2 34. Kd2 Rxg2 35. Rxa3 g5 36. b4 g4 37. Rg3 Rxg3 38. Nxg3 Kf7 39. a4 Kg6 40. a5 Kxh6 41. b5 Kg5 42. Ke3 h5 43. b6 Nb8 44. Ne2 h4 45.
Nf4 h3 46. Nxe6+ Kh4 47. Kf2 g3+ 48. Kg1 Kg4 49. Nc5 Kf3 50. Nd3 g2 51. Ne1+ Kg3 52. Nxg2 hxg2 53. e6 1-0

[Event "*** Titled Tuesday Blitz"]
[Site "Chess.com"]
[Date "2020.11.10"]
[Round "4"]
[White "denispopov"]
[Black "Iskusnyh"]
[Result "1-0"]
[WhiteElo "1827"]
[BlackElo "2556"]
[TimeControl "180+1"]
[EndTime "10:43:11 PST"]
[Termination "denispopov won by resignation"]

1. e4 e6 2. b3 d5 3. Bb2 Nf6 4. e5 Nfd7 5. Qg4 c5 6. f4 Nc6 7.
Nf3 a6 8. Na3 b5 9. c3 f5 10.
exf6 Nxf6 11. Qh4 Bd6 12. Nc2 O-O 13. g3 e5 14. fxe5 Nxe5 15. Nxe5 Bxe5 16. Bg2 Bf5 17. O-O-O Be4 18. Rhg1 a5 19. d3 Bxg2 20. Rxg2 a4 21. Re1 axb3 22. axb3 Qc7 23. Rge2 Bd6 24. Qh3 b4 25. c4 d4 26. Re6 Kh8 27. Qg2 h6 28.
Qe2 Rae8 29. Rxe8 Rxe8 30. Qf1 Rxe1+ 31. Nxe1 Qd7 32. Qe2 Ng4 33. Nf3 Ne3 34. Kb1 Qf5 35. Bc1 Ng4 36. Kc2 Kh7 37. Bd2 Nf6 38. Qg2 Ng4 39. Qe2 Nf6 40. Qg2 Qe6 41. h3 Bc7 42. g4 Qa6 43. Bc1 Qd6 44. g5 hxg5 45. Nxg5+ Kg8 46.
Qa8+ Qd8 47. Qxd8+ Bxd8 48. Ne6 Be7 49. Bg5 Kf7 50. Bxf6 Kxf6 51. Nf4 Kf5 52. Ng2 g5 53. Kd2 g4 54. hxg4+ Kxg4 55. Ke2 Kg3 56. Ne1 Bf6 57. Nf3 Kg2 58. Nd2 Kg3 59. Ne4+ Kf4 60. Nxf6 Ke5 61.
Ne4 Ke6 62. Nxc5+ Kd6 63. Na6 1-0

[Event "*** Titled Tuesday Blitz"]
[Site "Chess.com"]
[Date "2020.11.10"]
[Round "4"]
[White "Vanina1989"]
[Black "ViditYT"]
[Result "0-1"]
[WhiteElo "2644"]
[BlackElo "2877"]
[TimeControl "180+1"]
[EndTime "10:43:12 PST"]
[Termination "ViditYT won by resignation"]

1. d4 Nf6 2. c4 e6 3. Nf3 d5 4.
Nc3 Bb4 5. cxd5 exd5 6. Bf4 O-O 7. e3 c5 8. Bd3 c4 9. Bc2 Qa5 10.
O-O Bg4 11. Ne2 Nc6 12. Ng3 Rfe8 13. h3 Be6 14. Nh4 Qd8 15. Nhf5 Bf8 16. Qf3 h6 17. Rae1 Nb4 18. Bb1 Rc8 19. Be5 Nd7 20. Bd6 Rc6 21. Bxf8 Kxf8 22. e4 dxe4 23. Rxe4 Rb6 24. Qf4 Nf6 25.
Re2 Nd3 26. Qh4 Nd5 27. Qg4 g6 28. Qf3 gxf5 29. Nh5 Qg5 30. b3 Nc3 31. Bxd3 cxd3 32.
Re5 Ne4 33. Rd1 d2 34. Nf4 Bd7 35. Nd5 Rxe5 36. dxe5 Rc6 37. Kh2 Rc1 38. Ne3 Rxd1 39. Nxd1 Bc6 40. g3 Kg7 41. Qe2 Qg6 42. Qe3 Ng5 43.
Kg1 Nf3+ 44. Kf1 Qe6 45. Ke2 Qxe5 46. Qxe5+ Nxe5 47. Kxd2 Kf6 48. Ne3 Ke6 49. Kc3 Ng6 50. Nc2 f4 51. Nd4+ Ke5 52. Kd3 Be4+ 53. Kc3 fxg3 54.
fxg3 Ne7 55. Nb5 a6 56. Nd4 Nd5+ 57. Kc4 Ne3+ 58. Kc5 b6+ 0-1

[Event "*** Titled Tuesday Blitz"]
[Site "Chess.com"]
[Date "2020.11.10"]
[Round "4"]
[White "gilbert_gm"]
[Black "Gabrielian_Artur"]
[Result "1-0"]
[WhiteElo "2557"]
[BlackElo "2776"]
[TimeControl "180+1"]
[EndTime "10:43:12 PST"]
[Termination "gilbert_gm won by resignation"]

1. d4 Nf6 2. Nf3 g6 3. Bf4 Bg7 4. e3 O-O 5. h3 d6 6. c3 b6 7.
Nbd2 Bb7 8. Bc4 Nbd7 9. O-O c5 10. a4 a6 11. Qb3 d5 12. Be2 e6 13. Ne5 Nxe5 14.
Bxe5 Nd7 15. Bxg7 Kxg7 16. Nf3 Qc7 17. Qa3 c4 18. Rfc1 b5 19. b4 Bc6 20. a5 Rae8 21. Qb2 f5 22. Qd2 h6 23. h4 Qd8 24. g3 Qc7 25. Kg2 Rh8 26. Rh1 Reg8 27. Rag1 Kf6 28. Kf1 Qd8 29. g4 Ke7 30. Ne5 Nxe5 31.
dxe5 d4 32. exd4 Bxh1 33. Rxh1 Qd5 34. Rh3 fxg4 35. Bxg4 Rf8 36. Qe3 Kd8 37. Bf3 Qd7 38.
Rg3 g5 39. hxg5 hxg5 40. Qxg5+ Kc7 41. Qe3 Kb8 42. Qe4 Qd5 43. Qe3 Qd8 44. Qe4 Qd5 45. Qg6 Qd7 46. Ke2 Qe7 47. Qe4 Rxf3 48. Rxf3 Qg7 49.
Rf6 Qd7 50. Qg4 Re8 51. Qg6 Qd5 52. Rf4 Qh1 53. Qxe8+ 1-0

[Event "*** Titled Tuesday Blitz"]
[Site "Chess.com"]
[Date "2020.11.10"]
[Round "4"]
[White "geordie_derraugh"]
[Black "Ladislav1969"]
[Result "1-0"]
[WhiteElo "2456"]
[BlackElo "2276"]
[TimeControl "180+1"]
[EndTime "10:43:12 PST"]
[Termination "geordie_derraugh won on time"]

1. e4 c5 2. c3 e6 3. d4 d5 4.
exd5 exd5 5. Nf3 Nc6 6. Bd3 cxd4 7. cxd4 Bg4 8. O-O Be7 9. Be3 Nf6 10. Nc3 O-O 11. Re1 Re8 12. h3 Bh5 13. g4 Bg6 14.
Ne5 Nxe5 15. dxe5 Ne4 16. Bxe4 dxe4 17. Qa4 Bf8 18. Rad1 Qc8 19. Bf4 h5 20. Qd7 hxg4 21. hxg4 Qc4 22. Nxe4 Bxe4 23. Rd4 Bc6 24. Qxe8 Qxd4 25.
Qxa8 Qd5 26. Kf1 Qg2+ 27. Ke2 Qf3+ 28. Kf1 Qxf4 29. Qc8 Bf3 30. Qf5 Qxg4 31. Qxg4 Bxg4 32. Rc1 Bf3 33. Rc3 Bc6 34. Ke2 Bb4 35. Rg3 g6 36. Ke3 Kg7 37. Kd4 Ba5 38. f4 Bb6+ 39. Kc4 Bf2 40. Rd3 a6 41. Rd8 Be3 42. f5 gxf5 43. Kd3 f4 44. Ke2 Bb6 45. Rd6 f3+ 46. Kf1 Bd5 47. Rxd5 f2 48. Rd6 Be3 49. b4 Kf8 50. a4 Ke7 51. b5 axb5 52. axb5 b6 53. Rc6 Bc5 54. Rf6 Ke8 55. Rh6 Ke7 56. Ke2 Kd7 57. Rh7 Ke6 58. Rh5 1-0

[Event "*** Titled Tuesday Blitz"]
[Site "Chess.com"]
[Date "2020.11.10"]
[Round "4"]
[White "Algeriano22"]
[Black "mjray79"]
[Result "1-0"]
[WhiteElo "2699"]
[BlackElo "2498"]
[TimeControl "180+1"]
[EndTime "10:43:13 PST"]
[Termination "Algeriano22 won by resignation"]

1. e4 e5 2. Nf3 Nc6 3. Bc4 Bc5 4. d3 Nf6 5. O-O O-O 6. Nbd2 d5 7. exd5 Nxd5 8.
Re1 Bg4 9. h3 Bh5 10. Ne4 Be7 11. Ng3 Bg6 12. Nxe5 Nxe5 13. Rxe5 c6 14. Re1 Bd6 15. Qf3 Rc8 16. Bd2 Kh8 17. a3 f5 18.
Re2 Qh4 19. Re6 Bb8 20. Rae1 f4 21. Nf1 Bh5 22. Qe4 Nf6 23. Qd4 c5 24. Qc3 f3 25.
Rxf6 Qxf6 26. Qxf6 Rxf6 27. g4 Bf7 28. Bc3 Rf4 29. Bd2 Bxc4 30. Bxf4 Bxd3 31. Bxb8 Bxf1 32. Kxf1 Rxb8 33. Rd1 h6 34. Rd3 Rf8 35. Rd7 Rf4 36. b3 b5 37. Rd3 Kh7 38. Ke1 Re4+ 39. Re3 Rf4 40. Kd2 Kg6 41. Re6+ Kg5 42. Re5+ Kg6 43. Ke3 Rd4 44. Rxc5 Rd1 45. Kxf3 Rh1 46. Kg2 Ra1 47. Rxb5 Rxa3 48. c4 Kf6 49. c5 Ke6 50. Rb7 g6 51. b4 Rb3 52. h4 a5 53. Rb6+ Kd5 54. bxa5 Rc3 55. Rxg6 Rxc5 56. Rxh6 Rxa5 57. Rh5+ 1-0

[Event "*** Titled Tuesday Blitz"]
[Site "Chess.com"]
[Date "2020.11.10"]
[Round "4"]
[White "Roman_Ovetchkin"]
[Black "Agnes66678"]
[Result "1-0"]
[WhiteElo "2611"]
[BlackElo "2348"]
[TimeControl "180+1"]
[EndTime "10:43:13 PST"]
[Termination "Roman_Ovetchkin won by checkmate"]

1. d4 Nf6 2. c4 c5 3. d5 e6 4. Nc3 exd5 5. cxd5 g6 6. e4 d6 7. f4 Bg7 8. Bb5+ Nfd7 9. Nf3 O-O 10. O-O a6 11.
Bd3 b5 12. a3 c4 13. Bc2 Nc5 14. Be3 Nbd7 15. Bd4 Re8 16. Bxg7 Kxg7 17. Nd4 Bb7 18. Qd2 Qf6 19. Nf3 h6 20. Rae1 Nd3 21. Bxd3 cxd3 22.
e5 Qf5 23. Ne4 Bxd5 24. Nxd6 Qe6 25. Nd4 Qg4 26. h3 Qh5 27. Qxd3 Nc5 28. N4f5+ gxf5 29. Qxd5 Ne6 30. Nxe8+ Rxe8 31. Re3 Qh4 32. Qf3 Rd8 33. Qg3+ Qxg3 34. Rxg3+ Kf8 35. Re3 Rd2 36. Rf2 Rd1+ 37. Kh2 Nc5 38. Rc2 Ne4 39. g4 Nd2 40. Kg2 Nc4 41. Ree2 fxg4 42. hxg4 Rd4 43. Kf3 Ke7 44. f5 Rd3+ 45. Ke4 Rg3 46. Kf4 Rg1 47. Rc3 Rf1+ 48. Rf3 Rb1 49. Rh3 Nxb2 50. Rxh6 Nd3+ 51. Ke4 Nc5+ 52. Kd5 Na4 53. Rxa6 Nc3+ 54. Kc6 Nxe2 55. Ra7+ Kf8 56. f6 Rc1+ 57. Kd6 Nd4 58. Ra8+ Rc8 59. Rxc8# 1-0

[Event "*** Titled Tuesday Blitz"]
[Site "Chess.com"]
[Date "2020.11.10"]
[Round "4"]
[White "arminmusovic"]
[Black "Supernotar"]
[Result "0-1"]
[WhiteElo "2562"]
[BlackElo "2859"]
[TimeControl "180+1"]
[EndTime "10:43:16 PST"]
[Termination "Supernotar won by checkmate"]

1. e4 c6 2. d4 d5 3. exd5 cxd5 4. c4 Nf6 5. Nc3 e6 6. Nf3 Be7 7. Bd3 O-O 8. O-O dxc4 9. Bxc4 a6 10. a4 Nc6 11.
Re1 Nb4 12. h3 b6 13. Bg5 Bb7 14. Ne5 Nfd5 15. Bd2 Rc8 16. Bf1 Bf6 17. Rc1 g6 18. Bh6 Bg7 19. Qd2 Bxh6 20. Qxh6 Nxc3 21. bxc3 Na2 22.
Rcd1 Nxc3 23. Rd3 Nd5 24. h4 Rc3 25. Rc1 Rxc1 26. Qxc1 Qxh4 27. a5 bxa5 28. Qc5 Ba8 29. Rh3 Qe7 30. Qxa5 Nf4 31. Rg3 Rd8 32. Qxa6 Bd5 33.
Qa5 Kg7 34. Ng4 h5 35. Ne3 h4 36. Rg4 g5 37. Bc4 Bxc4 38. Rxg5+ Kh7 39. Nxc4 f5 40. Rxf5 exf5 41. Qxf5+ Ng6 42. Ne5 Rd6 43. Nf7 Rf6 44. Ng5+ Kg7 45. Qa5 h3 46. Nxh3 Qd6 47. g3 Rf7 48.
Qc3 Qd5 49. Kh2 Rd7 50. Qc8 Qxd4 51. Ng5 Qxf2+ 52. Kh3 Qf5+ 53. g4 Rd3+ 54. Kg2 Qd5+ 55. Kh2 Rd2+ 56. Kg3 Qg2# 0-1

[Event "*** Titled Tuesday Blitz"]
[Site "Chess.com"]
[Date "2020.11.10"]
[Round "4"]
[White "nelsoncopa"]
[Black "SVV65"]
[Result "1-0"]
[WhiteElo "1903"]
[BlackElo "2196"]
[TimeControl "180+1"]
[EndTime "10:43:16 PST"]
[Termination "nelsoncopa won on time"]

1. d4 d5 2. c4 e6 3. Nc3 Nf6 4. Bg5 Nbd7 5. e3 Be7 6. Nf3 h6 7. Bh4 Ne4 8. Bxe7 Qxe7 9. Qc2 Nxc3 10. Qxc3 c5 11. Rc1 cxd4 12. Qxd4 dxc4 13. Qxg7 Qb4+ 14. Nd2 Qf8 15. Qxf8+ Nxf8 16. Nxc4 Ke7 17. Be2 Bd7 18. O-O Ng6 19. Rfd1 Rac8 20. b3 Rhg8 21. Na5 b6 22.
Rxc8 Rxc8 23. Nc4 b5 24. Nd6 Rc5 25. h3 a6 26. Ne4 Rc2 27. Rd2 Rc1+ 28. Kh2 Bc6 29.
Ng3 Nh4 30. f3 f5 31. e4 f4 32. Nh5 e5 33. Ng7 Ra1 34. Nf5+ Nxf5 35. exf5 e4 36. fxe4 Bxe4 37. Bg4 h5 38. Bxh5 Bxf5 39. Bg4 Be4 40. Bf3 Bxf3 41. gxf3 Ke6 42. Re2+ Kf5 43. h4 Rf1 44.
Kg2 Rc1 45. Rd2 Rc6 46. Kh3 Ke5 47. Re2+ Kf5 48. Rg2 Rc3 49. Rg5+ Kf6 50. Kg4 Rc2 51. Kxf4 Rxa2 52. Rg4 Ra3 53. h5 Rxb3 54. Rg6+ Kf7 55. Kg4 1-0

[Event "*** Titled Tuesday Blitz"]
[Site "Chess.com"]
[Date "2020.11.10"]
[Round "4"]
[White "tteshan"]
[Black "MokshanovAlexey"]
[Result "0-1"]
[WhiteElo "2369"]
[BlackElo "2617"]
[TimeControl "180+1"]
[EndTime "10:43:17 PST"]
[Termination "MokshanovAlexey won by resignation"]

1. d4 d5 2. c4 e6 3. Nc3 Nf6 4.
cxd5 exd5 5. Bg5 c6 6. e3 Be7 7.
Bd3 O-O 8. Qc2 Nbd7 9. Nge2 Re8 10. O-O Nf8 11. Rad1 Be6 12. f3 Ng6 13. h3 Rc8 14.
Kh1 a6 15. e4 dxe4 16. fxe4 Nh5 17. Bxe7 Qxe7 18. Qd2 c5 19. d5 Bd7 20. Qe3 Qh4 21.
Bc2 Ne5 22. Qf2 Qg5 23. Nb1 Bb5 24. Nbc3 Bd7 25. Nb1 Qh6 26. Nd2 Nf6 27. Qf4 Qg6 28. Ng3 h6 29. Nf3 Nh5 30. Nxh5 Qxh5 31. Nxe5 Rxe5 32.
Rd3 Rce8 33. Rdf3 f6 34. g4 Qg6 35. Kh2 h5 36. gxh5 Rxh5 37. Rg1 Qh7 38. Rgg3 Kh8 39. Bd3 Ree5 40. Qe3 b6 41. a4 a5 42.
b3 Rh4 43. Qf2 Reh5 44. Qg2 Qh6 45. d6 Qc1 46. Rxf6 Rxh3+ 47. Rxh3 Rxh3+ 48. Qxh3+ Bxh3 49. Rf8+ Kh7 50. e5+ g6 51. Rf7+ Kh6 52. Rf8 Qd2+ 53. Kxh3 Qxd3+ 54. Kg4 Qe4+ 55. Kg3 Qxe5+ 56. Kh4 Qh2+ 57.
Kg4 Qxd6 58. Rh8+ Kg7 59. Rh3 Qe6+ 60. Kg3 Qxb3+ 61. Kg4 Qxh3+ 0-1

[Event "*** Titled Tuesday Blitz"]
[Site "Chess.com"]
[Date "2020.11.10"]
[Round "4"]
[White "Gerodot71"]
[Black "kingofthenil"]
[Result "0-1"]
[WhiteElo "2488"]
[BlackElo "2677"]
[TimeControl "180+1"]
[EndTime "10:43:18 PST"]
[Termination "kingofthenil won by resignation"]

1. d4 Nf6 2. c4 c5 3. d5 e6 4. Nf3 exd5 5. cxd5 g6 6. h3 Bg7 7. Nc3 O-O 8. Bf4 d6 9. e3 Na6 10. Be2 Nc7 11. O-O Rb8 12. a4 b6 13. Nb5 Nxb5 14.
axb5 Ne4 15. Nd2 Re8 16. Rxa7 Bxb2 17. Nxe4 Rxe4 18. Qc2 Rxf4 19. exf4 Bd4 20. Bg4 Bxg4 21. hxg4 Qf6 22. Qe4 h6 23. g3 Rc8 24. Rc1 c4 25. Ra4 Rc7 26. Raxc4 Bc5 27. Ra4 Re7 28. Qf3 Qb2 29.
Ra8+ Kg7 30. Qc3+ Qxc3 31. Rxc3 Re2 32. Rf3 Rd2 33. f5 Rxd5 34. fxg6 Kxg6 35. Rf8 f6 36. Kg2 Bd4 37. Rd8 Be5 38. Rb3 Rc5 39. f4 Rc2+ 40.
Kf3 Bd4 41. Rd7 Bc5 42. Ke4 Re2+ 43. Kd5 h5 44. gxh5+ Kxh5 45. Rg7 Kh6 46. Rg8 Kh7 47. Rg4 Re1 48. f5 Kh6 49. Rg6+ Kh5 50. Rxf6 Kg5 51. Rf8 Re5+ 52. Kc6 Rxf5 53. Rxf5+ Kxf5 54. Kd5 Kg4 55. Rd3 Kg5 56. Ke4 Kg4 57. Rf3 d5+ 58. Kxd5 Kxf3 59. g4 Kxg4 0-1